A+ - U26
DUNEDIN BLUE JAYS @ ST. LUCIE METS
09/14/2052
 
TOP OF THE 1ST
Chihuahua Aztecs batting - Pitching for Quintana Roo Kangas : RHP De'von Dillard
Pitching: RHP De'von Dillard
Batting: LHB Aarón Fermin 0-0: Foul Ball, location: 2F
0-1: Ball
1-1: Ball
2-1: Foul Ball, location: 2F
2-2: Strikes out swinging, 2-3 out at first.
Batting: RHB Aaron Brady 0-0: Ground out 5-3 (Groundball, 56S, EV 71.3 MPH)
Batting: LHB Caton Tamez 0-0: Called Strike
0-1: Ball
1-1: Foul Ball, location: 7LMF
1-2: Ground out 4-3 (Groundball, 4, EV 101.9 MPH)
Top of the 1st over - 0 runs, 0 hits, 0 errors, 0 left on base; Chihuahua 0 - Quintana Roo 0
BOTTOM OF THE 1ST
Quintana Roo Kangas batting - Pitching for Chihuahua Aztecs : RHP Jacob Huggins
Pitching: RHP Jacob Huggins
Batting: SHB Dean Schultz 0-0: Ball
1-0: Swinging Strike
1-1: Ground out 4-3 (Groundball, 34D, EV 98.8 MPH)
Batting: RHB Johnny Febus 0-0: Fly out, F7 (Line Drive, 7, EV 103.1 MPH)
Batting: RHB Yovi Pizana 0-0: Called Strike
0-1: Ball
1-1: Swinging Strike
1-2: Foul Ball, location: 2F
1-2: Foul Ball, location: 3FF
1-2: Ball
2-2: Ball
3-2: Foul Ball, location: 5F
3-2: Ground out 4-3 (Groundball, 4M, EV 91.3 MPH)
Bottom of the 1st over - 0 runs, 0 hits, 0 errors, 0 left on base; Chihuahua 0 - Quintana Roo 0
TOP OF THE 2ND
Chihuahua Aztecs batting - Pitching for Quintana Roo Kangas : RHP De'von Dillard
Batting: RHB Jack Baker 0-0: Called Strike
0-1: Swinging Strike
0-2: Ball
1-2: Ball
2-2: Strikes out looking
Batting: RHB Noah Long 0-0: Called Strike
0-1: Foul Ball, location: 2LF
0-2: Ball
1-2: Ball
2-2: Ball
3-2: Foul Ball, location: 2F
3-2: Ground out 1-3 (Groundball, 34S, EV 69.4 MPH)
Batting: LHB Adrian Solorio 0-0: Ball
1-0: Ball
2-0: Ball
3-0: Called Strike
3-1: SINGLE (Flyball, 5D, EV 96.3 MPH)
Batting: RHB Bennie Lord 0-0: Ball
1-0: Called Strike
1-1: Ball
2-1: Ground out 4-3 (Groundball, 4, EV 81.3 MPH)
Top of the 2nd over - 0 runs, 1 hit, 0 errors, 1 left on base; Chihuahua 0 - Quintana Roo 0
BOTTOM OF THE 2ND
Quintana Roo Kangas batting - Pitching for Chihuahua Aztecs : RHP Jacob Huggins
Batting: RHB Jeh Izambard 0-0: Foul Ball, location: 2F
0-1: Fly out, F8 (Flyball, 78D, EV 91.3 MPH)
Batting: LHB Whit Windt 0-0: Ball
1-0: SINGLE (Groundball, 4MD, EV 93.8 MPH)
Batting: RHB Kai Wasilewski 0-0: Called Strike
0-1: Ball
1-1: Foul Ball, location: 5SF
1-2: Ball
2-2: Fielders Choice at 2nd, 6-4 (Groundball, 6, EV 108.8 MPH)
Batting: RHB Scotty Dang 0-0: Ball
1-0: Ball
2-0: SINGLE (Line Drive, 6D, EV 101.3 MPH)
Kai Wasilewski to second
Batting: SHB Vlad Velarde 0-0: Ball
1-0: Called Strike
1-1: DOUBLE (Line Drive, 7LD, EV 108.1 MPH)
Kai Wasilewski scores
Scotty Dang to third
Runner from 3rd tries for Home, SAFE, throw by LF to home
Batting: RHB Sydney Cislo 0-0: Ball
1-0: Ball
2-0: Called Strike
2-1: Swinging Strike
2-2: Strikes out swinging
Bottom of the 2nd over - 2 runs, 3 hits, 0 errors, 1 left on base; Chihuahua 0 - Quintana Roo 2
TOP OF THE 3RD
Chihuahua Aztecs batting - Pitching for Quintana Roo Kangas : RHP De'von Dillard
Batting: LHB Lukas Guerra 0-0: Ball
1-0: Called Strike
1-1: Ball
2-1: Ball
3-1: Ground out 6-3 (Groundball, 6M, EV 86.9 MPH)
Batting: RHB José Lemus 0-0: Ground out 1-3 (Groundball, 34S, EV 74.4 MPH)
Batting: LHB Aarón Fermin 0-0: Ball
1-0: Foul Ball, location: 7LSF
1-1: Foul Ball, location: 2F
1-2: Ground out 6-3 (Groundball, 6, EV 77.5 MPH)
Top of the 3rd over - 0 runs, 0 hits, 0 errors, 0 left on base; Chihuahua 0 - Quintana Roo 2
BOTTOM OF THE 3RD
Quintana Roo Kangas batting - Pitching for Chihuahua Aztecs : RHP Jacob Huggins
Batting: SHB Dean Schultz 0-0: Ball
1-0: Ball
2-0: Called Strike
2-1: Fly out, F6 (Line Drive, 6M, EV 74.4 MPH)
Batting: RHB Johnny Febus 0-0: Called Strike
0-1: Swinging Strike
0-2: Ground out 5-3 (Groundball, 56S, EV 70.6 MPH)
Batting: RHB Yovi Pizana 0-0: Swinging Strike
0-1: Ball
1-1: Foul Ball, location: 5F
1-2: Foul Ball, location: 2F
1-2: SINGLE (Groundball, 6MD, EV 103.1 MPH)
Batting: RHB Jeh Izambard 0-0: Foul Ball, location: 3FF
0-1: Ball
1-1: Swinging Strike
1-2: Ball
2-2: Foul Ball, location: 5DF
2-2: SINGLE (Groundball, 4D, EV 105.0 MPH)
Yovi Pizana to second
Runner from 2nd tries for 3rd, OUT! 8-5
Bottom of the 3rd over - 0 runs, 2 hits, 0 errors, 1 left on base; Chihuahua 0 - Quintana Roo 2
TOP OF THE 4TH
Chihuahua Aztecs batting - Pitching for Quintana Roo Kangas : RHP De'von Dillard
Now in LF: Carl Thomas
Batting: RHB Aaron Brady 0-0: Ball
1-0: Ball
2-0: Swinging Strike
2-1: Swinging Strike
2-2: Ball
3-2: Base on Balls
Batting: LHB Caton Tamez 0-0: Called Strike
0-1: Ball
Aaron Brady steals 2nd base
1-1: Fly out, F7 (Flyball, 7S, EV 97.5 MPH)
Batting: RHB Jack Baker 0-0: Ball
1-0: Foul Ball, location: 7LMFF
1-1: Swinging Strike
1-2: SINGLE (Groundball, 4M, EV 95.6 MPH)
Aaron Brady to third
Batting: RHB Noah Long 0-0: Ball
1-0: Ball
2-0: Foul Ball, location: 5FF
2-1: Fly out, F8 (Flyball, 8LD, EV 89.4 MPH)
Runner from 3rd tags up, SCORES, throw by CF
Batting: LHB Adrian Solorio 0-0: Called Strike
0-1: SINGLE (Line Drive, 8LS, EV 85.0 MPH)
Jack Baker to second
Runner from 2nd tries for 3rd, SAFE, throw by CF made to third
Batting: RHB Bennie Lord 0-0: Ball
1-0: Swinging Strike
1-1: Ball
2-1: Foul Ball, location: 5F
2-2: 3-RUN HOME RUN (Flyball, 9LD, EV 95.6 MPH), Distance : 350 ft
Batting: LHB Lukas Guerra 0-0: Ball
1-0: Swinging Strike
1-1: Called Strike
1-2: Ball
2-2: Fly out, F7 (Flyball, 7, EV 77.5 MPH)
Top of the 4th over - 4 runs, 3 hits, 0 errors, 0 left on base; Chihuahua 4 - Quintana Roo 2
BOTTOM OF THE 4TH
Quintana Roo Kangas batting - Pitching for Chihuahua Aztecs : RHP Jacob Huggins
Batting: LHB Whit Windt 0-0: Ground out 5-3 (Groundball, 56, EV 83.8 MPH)
Batting: RHB Kai Wasilewski 0-0: Ball
1-0: Foul Ball, location: 2F
1-1: Ball
2-1: Ball
3-1: Base on Balls
Batting: RHB Scotty Dang 0-0: Swinging Strike
0-1: Ball
1-1: Swinging Strike
1-2: Foul Ball, location: 23FF
1-2: Foul Ball, location: 5SF
1-2: Strikes out swinging
Batting: SHB Vlad Velarde 0-0: Ball
1-0: Ball
2-0: Swinging Strike
2-1: Foul Ball, location: 2F
2-2: Strikes out looking
Bottom of the 4th over - 0 runs, 0 hits, 0 errors, 1 left on base; Chihuahua 4 - Quintana Roo 2
TOP OF THE 5TH
Chihuahua Aztecs batting - Pitching for Quintana Roo Kangas : RHP De'von Dillard
Batting: RHB José Lemus 0-0: Ground out 5-3 (Groundball, 5S, EV 88.1 MPH)
Batting: LHB Aarón Fermin 0-0: Ball
1-0: Foul Ball, location: 2F
1-1: Ball
2-1: Ball
3-1: SINGLE (Groundball, 4MS, EV 66.3 MPH) (infield hit)
Batting: RHB Aaron Brady 0-0: Ball
1-0: Foul Ball, location: 5F
1-1: Foul Ball, location: 2F
1-2: Foul Ball, location: 2F
1-2: Foul Ball, location: 5DF
1-2: Foul Ball, location: 2F
1-2: Foul Ball, location: 2F
1-2: Ball
2-2: Ground out 4-3 (Groundball, 4MS, EV 68.8 MPH)
Aarón Fermin to second
Batting: LHB Caton Tamez 0-0: Ball
1-0: Ball
2-0: Ball
3-0: Base on Balls
Batting: RHB Jack Baker 0-0: Ball
1-0: Ball
2-0: Foul Ball, location: 2F
2-1: Swinging Strike
2-2: Ball
3-2: Strikes out swinging
Top of the 5th over - 0 runs, 1 hit, 0 errors, 2 left on base; Chihuahua 4 - Quintana Roo 2
BOTTOM OF THE 5TH
Quintana Roo Kangas batting - Pitching for Chihuahua Aztecs : RHP Jacob Huggins
Batting: RHB Sydney Cislo 0-0: Fly out, F6 (Popup, 6S, EV 74.4 MPH)
Batting: SHB Dean Schultz 0-0: Swinging Strike
0-1: Foul Ball, location: 5FF
0-2: Ball
1-2: Foul Ball, location: 5F
1-2: SINGLE (Groundball, 34D, EV 96.9 MPH)
Batting: RHB Johnny Febus 0-0: Ball
1-0: Fly out, F6 (Line Drive, 56D, EV 61.9 MPH)
Batting: SHB Carl Thomas 0-0: Called Strike
Dean Schultz steals 2nd base
0-1: Swinging Strike
0-2: Ball
1-2: Strikes out swinging
Bottom of the 5th over - 0 runs, 1 hit, 0 errors, 1 left on base; Chihuahua 4 - Quintana Roo 2
TOP OF THE 6TH
Chihuahua Aztecs batting - Pitching for Quintana Roo Kangas : RHP De'von Dillard
Batting: RHB Noah Long 0-0: Ball
1-0: Ball
2-0: Called Strike
2-1: Foul Ball, location: 3F
2-2: Ball
3-2: Strikes out swinging
Pitching: RHP Célio Madril
Batting: LHB Adrian Solorio 0-0: Ball
1-0: Ball
2-0: Foul Ball, location: 7LMF
2-1: Ground out 6-3 (Groundball, P, EV 88.1 MPH)
Batting: RHB Bennie Lord 0-0: Ball
1-0: Called Strike
1-1: SINGLE (Line Drive, 9S, EV 102.5 MPH)
Batting: LHB Lukas Guerra 0-0: Ball
1-0: Swinging Strike
1-1: Ball
2-1: Swinging Strike
2-2: Ball
3-2: Strikes out swinging
Top of the 6th over - 0 runs, 1 hit, 0 errors, 1 left on base; Chihuahua 4 - Quintana Roo 2
BOTTOM OF THE 6TH
Quintana Roo Kangas batting - Pitching for Chihuahua Aztecs : RHP Jacob Huggins
Batting: RHB Jeh Izambard 0-0: Foul Ball, location: 23F
0-1: Ball
1-1: Ball
2-1: Called Strike
2-2: Fly out, F5 (Line Drive, 56, EV 67.5 MPH)
Batting: LHB Whit Windt 0-0: Foul Ball, location: 5SF
0-1: Swinging Strike
0-2: DOUBLE (Line Drive, 78D, EV 107.5 MPH)
Batting: RHB Kai Wasilewski 0-0: Swinging Strike
0-1: Swinging Strike
0-2: Foul Ball, location: 7LSF
0-2: Ball
1-2: Foul Ball, location: 5DF
1-2: Ball
2-2: Foul Ball, location: 9LMF
2-2: SINGLE (Line Drive, 4D, EV 98.1 MPH)
Whit Windt to third
Batting: RHB Scotty Dang 0-0: Called Strike
0-1: Called Strike
0-2: Fly out, F8 (Flyball, 8RD, EV 105.0 MPH)
Runner from 3rd tags up, SCORES, throw by CF
Batting: SHB Vlad Velarde 0-0: Ball
Kai Wasilewski is caught stealing 2nd base 2-6
Bottom of the 6th over - 1 run, 2 hits, 0 errors, 0 left on base; Chihuahua 4 - Quintana Roo 3
TOP OF THE 7TH
Chihuahua Aztecs batting - Pitching for Quintana Roo Kangas : RHP Célio Madril
Pitching: RHP Woody Magid
Batting: RHB José Lemus 0-0: Ball
1-0: Called Strike
1-1: Swinging Strike
1-2: Strikes out swinging
Batting: LHB Aarón Fermin 0-0: Ground out 5-3 (Groundball, 5, EV 100.0 MPH)
Batting: RHB Aaron Brady 0-0: Foul Ball, location: 2F
0-1: Ball
1-1: Ball
2-1: Ground out 6-3 (Groundball, 6, EV 81.9 MPH)
Top of the 7th over - 0 runs, 0 hits, 0 errors, 0 left on base; Chihuahua 4 - Quintana Roo 3
BOTTOM OF THE 7TH
Quintana Roo Kangas batting - Pitching for Chihuahua Aztecs : RHP Jacob Huggins
Batting: SHB Vlad Velarde 0-0: Swinging Strike
0-1: Fly out, F5 (Popup, 5F, EV 65.6 MPH)
Pitching: RHP Niles Valencia
Batting: RHB Sydney Cislo 0-0: Called Strike
0-1: Ball
1-1: Ball
2-1: Ball
3-1: Ground out 4-3 (Groundball, 4D, EV 104.4 MPH)
Batting: SHB Dean Schultz 0-0: Ball
1-0: Ball
2-0: Ball
3-0: Called Strike
3-1: Foul Ball, location: 2F
3-2: Base on Balls
Batting: RHB Johnny Febus 0-0: Called Strike
0-1: Foul Ball, location: 2F
0-2: Foul Ball, location: 9LSF
0-2: Fly out, F8 (Flyball, 8LM, EV 95.0 MPH)
Bottom of the 7th over - 0 runs, 0 hits, 0 errors, 1 left on base; Chihuahua 4 - Quintana Roo 3
TOP OF THE 8TH
Chihuahua Aztecs batting - Pitching for Quintana Roo Kangas : RHP Woody Magid
Batting: LHB Caton Tamez 0-0: Ball
1-0: Ball
2-0: Called Strike
2-1: Fly out, F8 (Flyball, 8RD, EV 88.8 MPH)
Batting: RHB Jack Baker 0-0: Foul Ball, location: 5DF
0-1: SINGLE (Line Drive, 89M, EV 101.9 MPH)
Batting: RHB Noah Long 0-0: Ball
1-0: Called Strike
1-1: Ball
2-1: Ball
3-1: DOUBLE (Flyball, 8LD, EV 91.9 MPH)
Jack Baker to third
Batting: LHB Adrian Solorio 0-0: Called Strike
0-1: Fly out, F8 (Flyball, 78M, EV 85.0 MPH)
Batting: RHB Bennie Lord 0-0: Called Strike
0-1: DOUBLE (Line Drive, 8LD, EV 105.6 MPH)
Jack Baker scores
Noah Long scores
Batting: LHB Lukas Guerra 0-0: Ball
1-0: Ball
2-0: Called Strike
2-1: Ball
3-1: Base on Balls
Batting: RHB José Lemus 0-0: Fielders Choice at 2nd, 5-4 (Groundball, 56, EV 86.9 MPH)
Top of the 8th over - 2 runs, 3 hits, 0 errors, 2 left on base; Chihuahua 6 - Quintana Roo 3
BOTTOM OF THE 8TH
Quintana Roo Kangas batting - Pitching for Chihuahua Aztecs : RHP Niles Valencia
Batting: SHB Carl Thomas 0-0: Called Strike
0-1: Called Strike
0-2: Ball
1-2: Ball
2-2: Ball
3-2: Base on Balls
Batting: RHB Jeh Izambard 0-0: Ball
1-0: Called Strike
1-1: Called Strike
1-2: Strikes out swinging
Batting: LHB Whit Windt 0-0: Called Strike
0-1: Ball
1-1: SINGLE (Line Drive, 6MD, EV 100.0 MPH)
Carl Thomas to second
Runner from 2nd tries for 3rd, SAFE, throw by CF made to third
Batting: RHB Kai Wasilewski 0-0: Ball
1-0: Fielders Choice at 2nd, 3-6 (Groundball, 34, EV 84.4 MPH)
Carl Thomas scores
Batting: RHB Scotty Dang 0-0: Ball
1-0: SINGLE (Line Drive, 9S, EV 103.1 MPH)
Kai Wasilewski to second
Batting: SHB Vlad Velarde 0-0: Foul Ball, location: 7LDF
0-1: Ball
1-1: Fly out, F7 (Flyball, 7, EV 93.8 MPH)
Bottom of the 8th over - 1 run, 2 hits, 0 errors, 2 left on base; Chihuahua 6 - Quintana Roo 4
TOP OF THE 9TH
Chihuahua Aztecs batting - Pitching for Quintana Roo Kangas : RHP Woody Magid
Pitching: LHP Geraldo Aldana
Batting: LHB Aarón Fermin 0-0: Ball
1-0: Foul Ball, location: 5F
1-1: Foul Ball, location: 7LSF
1-2: Foul Ball, location: 2F
1-2: SINGLE (Flyball, 56D, EV 88.8 MPH)
Batting: RHB Aaron Brady 0-0: Called Strike
0-1: Bunted foul
0-2: Ball
1-2: Strikes out swinging
Batting: LHB Caton Tamez 0-0: Ball
Aarón Fermin steals 2nd base
1-0: SINGLE (Line Drive, 9S, EV 105.6 MPH)
Aarón Fermin to third
Batting: RHB Jack Baker 0-0: Ball
1-0: Called Strike
1-1: 3-RUN HOME RUN (Flyball, 78XD, EV 106.3 MPH), Distance : 430 ft
Pitching: LHP Ralph Gatton
Batting: RHB Noah Long 0-0: Foul Ball, location: 23FF
0-1: Ball
1-1: Ball
2-1: Called Strike
2-2: Fly out, F7 (Line Drive, 7, EV 92.5 MPH)
Batting: LHB Adrian Solorio 0-0: Foul Ball, location: 7LSF
0-1: Called Strike
0-2: Ball
1-2: Strikes out swinging
Top of the 9th over - 3 runs, 3 hits, 0 errors, 0 left on base; Chihuahua 9 - Quintana Roo 4
BOTTOM OF THE 9TH
Quintana Roo Kangas batting - Pitching for Chihuahua Aztecs : RHP Niles Valencia
Batting: RHB Sydney Cislo 0-0: Ball
1-0: SINGLE (Groundball, 34D, EV 98.1 MPH)
Batting: SHB Dean Schultz 0-0: Foul Ball, location: 25F
0-1: Ball
1-1: Swinging Strike
1-2: SINGLE (Line Drive, 5D, EV 95.0 MPH)
Sydney Cislo to second
Pitching: RHP James Riemann
Batting: RHB Johnny Febus 0-0: Foul Ball, location: 2F
0-1: Foul Ball, location: 25F
0-2: Fielders Choice at 2nd, 3-6 (Groundball, 34, EV 81.9 MPH)
Sydney Cislo to third
Pinch Hitting: RHB Ferdinand Soto 0-0: Ball
1-0: Ball
2-0: Fielders Choice at 2nd, 6-4 (Groundball, 6D, EV 99.4 MPH)
Sydney Cislo scores
Batting: RHB Jeh Izambard 0-0: Fielders Choice at 2nd, 6-4 (Groundball, 6, EV 96.3 MPH)
Bottom of the 9th over - 1 run, 2 hits, 0 errors, 1 left on base; Chihuahua 9 - Quintana Roo 5
Tuesday, May 7th , 2024 - OOTP Baseball 24.11 Build 85